 Dungeon Crawl Stone Soup version 0.31-a0-426-g3a05650e59 (webtiles) character file.

Game seed: 18221735831328945090

155 Gelion the Changeling (level 5, -32/35 HPs)
             Began as an Octopode Shapeshifter on July 31, 2023.
             Annihilated by an ogre
             ... wielding a +0 giant club
              (33 damage)
             ... on level 4 of the Dungeon.
             The game lasted 00:03:52 (2701 turns).

Gelion the Changeling (Octopode Shapeshifter)       Turns: 2701, Time: 00:03:53

Health: -32/35     AC:  1    Str: 14    XL:     5   Next: 37%
Magic:  5/5        EV: 13    Int: 11    God:
Gold:   173        SH:  0    Dex: 14    Spells: 4/4 levels left

rFire   . .          .
                       - Unarmed
rCold   . . .        (no shield)
rNeg    + . .        (helmet currently unavailable)
rPois   .            (no amulet)
rElec   .            i - ring of positive energy
rCorr   .            o - ring of willpower
SInv    .            (no ring)
Will    +....        (no ring)
Stlth   ++           (no ring)
HPRegen 0.25/turn    (no ring)
MPRegen 0.09/turn    (no ring)
                     (no ring)

%: no passive effects
@: beast-form
A: beast (slay +2), almost no armour, amphibious, 8 rings, camouflage 1,
gelatinous body 1, (nimble swimmer 1), tentacles
a: Begin Untransformation


You were on level 4 of the Dungeon.
You were a hulking beast.
You visited 2 branches of the dungeon, and saw 5 of its levels.

You collected 173 gold pieces.

Inventory:

Jewellery
 i - a ring of positive energy (left tentacle)
 o - a ring of willpower (right tentacle)
Talismans
 b - a beast talisman (active)
 c - a storm talisman
Scrolls
 d - a scroll of poison {unknown}
 f - 4 scrolls of identify {unknown}
 g - a scroll of blinking {unknown}
 h - a scroll of brand weapon {unknown}
 l - a scroll of acquirement {unknown}
 m - a scroll of fear {unknown}
 n - a scroll of vulnerability {unknown}
 r - a scroll of teleportation {unknown}
Potions
 a - a potion of lignification
 e - 2 potions of mutation {unknown}
 j - a potion of heal wounds {unknown}
 k - a potion of curing {unknown}
 p - a potion of degeneration {unknown}
 q - a potion of attraction {unknown}


   Skills:
 + Level 2.5 Fighting
 - Level 2.0 Dodging
 + Level 3.8 Unarmed Combat
 * Level 4.2 Shapeshifting


You had 4 spell levels left.
You didn't know any spells.
Your spell library contained the following spells:

 Spells                   Type           Power      Damage    Failure   Level
 Summon Small Mammal      Summ           0%         N/A       34%         1
 Blink                    Tloc           0%         N/A       47%         2
 Lesser Beckoning         Tloc           0%         N/A       47%         2
 Momentum Strike          Conj/Tloc      0%         3d8       47%         2
 Poisonous Vapours        Pois/Air       0%         N/A       47%         2
 Call Canine Familiar     Summ           0%         N/A       71%         3
 Mephitic Cloud           Conj/Pois/Air  0%         N/A       71%         3
 Ozocubu's Armour         Ice            0%         N/A       71%         3
 Summon Guardian Golem    Hex/Summ       0%         N/A       71%         3
 Alistair's Intoxication  Tmut/Pois      0%         N/A       100%        5
 Borgnjor's Vile Clutch   Necr/Erth      0%         N/A       100%        5
 Freezing Cloud           Conj/Ice/Air   0%         6-21      100%        5
 Eringya's Noxious Bog    Tmut/Pois      0%         4d6       100%        6
 Ozocubu's Refrigeration  Ice            0%         4d7       100%        7


Dungeon Overview and Level Annotations

Branches:
Dungeon (4/15)             Temple (1/1) D:4

Altars:
Ashenzari
Cheibriados
Dithmenos
Elyvilon
Fedhas
Hepliaklqana
Kikubaaqudgha
Makhleb
Nemelex Xobeh
Qazlal
Ru
Sif Muna
Uskayaw
Vehumet
Xom
Zin

Shops:
D:1 (


Innate Abilities, Weirdness & Mutations

You are a hulking beast.
Your limbs bulge with bestial killing power. (Slay +2)
You cannot wear most types of armour.
You are amphibious.
You can wear up to eight rings at the same time.
Your skin changes colour to match your surroundings (Stealth+).
Your rubbery body absorbs attacks. (AC +1, EV +1)
((You are camouflaged when in or above water. (Stealth+)))
You have tentacles for arms and can constrict up to eight enemies at once.


Message History

You kill the adder!
An adder comes into view.
You tentacle-slap the kobold.
You kill the kobold!
You closely miss the adder. You grab the adder. You squeeze the adder.
The adder is lightly wounded.
You constrict the adder. The adder bites you.
You are poisoned.
The adder poisons you!
You bludgeon the adder! You tentacle-slap the adder.
You kill the adder!
You feel sick.
No target in view!
You feel sick.
You feel sick.
You feel sick.
You feel sick.
You feel sick.
You are no longer poisoned.
HP restored.
Found a great mace.
An ogre comes into view. It is wielding a +0 giant club.
The helpless ogre fails to defend itself.
You tentacle-slap the ogre. You squeeze the ogre.
The ogre is moderately wounded.
The ogre hits you with a +0 giant club!!
Ouch! That really hurt!
* * * LOW HITPOINT WARNING * * *
You are too injured to fight recklessly!
You tentacle-slap the ogre. You squeeze the ogre!
The ogre is heavily wounded.
The ogre hits you with a +0 giant club!
* * * LOW HITPOINT WARNING * * *
You tentacle-slap the ogre.
The ogre is severely wounded.
You tentacle-slap the ogre. Your squeeze misses the ogre.
The ogre is almost dead.
The ogre hits you with a +0 giant club!!
Ouch! That really hurt!
You die...

#. ## #.### ...
....# #
#.###...#.#
...$...#.#
####.......####
........O......
#...h....... .
#.#.#######.#
#.#.#.........# #
...#.#..########
#..)........#.#
#..#.#.##.#...#
#....#.#......##
.................
###...#....##....#


You could see an ogre.

Vanquished Creatures
  A gnoll (D:1)
  9 adders
  A dart slug (D:1)
  An orc (D:4)
  8 endoplasms
  3 giant cockroaches
  5 goblins
  5 hobgoblins
  5 jackals
  6 kobolds
  2 quokkas
  5 ball pythons
  2 bats (D:1)
  2 frilled lizards (D:2)
  6 rats
61 creatures vanquished.

Notes
Turn   | Place    | Note
-------+----------+-------------------------------------------
     0 | D:1      | Gelion the Octopode Shapeshifter began the quest for the
                  | Orb.
     0 | D:1      | Reached XP level 1. HP: 13/13 MP: 1/1
    63 | D:1      | Reached XP level 2. HP: 13/18 MP: 2/2
   165 | D:1      | Found a faded altar of an unknown god.
   222 | D:1      | Reached XP level 3. HP: 20/23 MP: 3/3
   257 | D:1      | Found Umemagroen's Antique Weapon Emporium.
  1123 | D:2      | Reached XP level 4. HP: 24/29 MP: 4/4
  1437 | D:3      | Identified the +4 halberd "Ykoiz" {flame, Int+3}
  1585 | D:3      | Found a blossoming altar of Fedhas.
  1713 | D:3      | Found a sparkling altar of Nemelex Xobeh.
  1837 | D:3      | Reached skill level 4 in Shapeshifting
  1863 | D:3      | Found a glowing silver altar of Zin.
  2394 | D:4      | Found a white marble altar of Elyvilon.
  2466 | D:4      | Reached XP level 5. HP: 35/35 MP: 5/5
  2482 | D:4      | Found a staircase to the Ecumenical Temple.
  2501 | Temple   | Entered the Ecumenical Temple
  2695 | D:4      | Noticed an ogre
  2699 | D:4      | HP: 1/35 [ogre/+0 giant club (9)]
  2701 | D:4      | Annihilated by an ogre

Illustrated notes

Levels and vault maps discovered:
D:1:      minmay_arrival_solitary_statue, layout_basic, serial_shops,
          nicolae_shop_peninsula, shapermc_ecumenical_altar_mp_highgroup
D:2:      wad_pebble_path, layout_loops_ring, nicolae_houndstooth_variations
D:3:      wad_woods_pond, layout_basic, amcnicky_altar_gilded,
          mainiacjoe_overflow_tiny_flanked, mainiacjoe_overflow_surrounded_room
D:4:      layout_basic, elyvilon_altar_5, minmay_temple_entry_large_hall
Temple:   minmay_temple_forest_path

Skill      XL: |  1  2  3  4 |
---------------+-------------+-----
Fighting       | 2 |  2.5
Shapeshifting  | 4 |  4.2
Dodging        | |  2.0
Unarmed Combat | |  3.8

Action                     |  1- 3 |  4- 6 || total
---------------------------+-------+-------++-------
  Melee: Unarmed           |    58 |    72 ||   130
         Constrict         |    15 |    19 ||    34
         Tentacles         |    11 |    19 ||    30
         Punch             |       |     2 ||     2
   Stab: Sleeping          |     6 |     7 ||    13
 Armour: Skin              |     3 |       ||     3
  Dodge: Dodged            |    20 |    23 ||    43

Table legend: (Time is in decaauts)
 A = Elapsed time spent in this place.
 B = Non-inter-level travel time spent in this place.
 C = Inter-level travel time spent in this place.
 D = Time resting spent in this place.
 E = Time spent auto-exploring this place.
 F = Levels seen in this place.
 G = Mean time per level.
                   A        B        C        D        E       F      G
               +--------+--------+--------+--------+--------+-----+--------+
         Total |   2691 |   2463 |    228 |     63 |   2012 |   5 |  538.2 |
       Dungeon |   2579 |   2460 |    119 |     63 |   2012 |   4 |  644.8 |
        Temple |    111 |      2 |    109 |      0 |      0 |   1 |  111.0 |
               +--------+--------+--------+--------+--------+-----+--------+

Top non-repeatable levels by time:
     D:3: 942 daAuts
     D:2: 716 daAuts
     D:1: 711 daAuts
     D:4: 209 daAuts
  Temple: 111 daAuts
